 Dungeon Crawl Stone Soup version 0.25-a0-460-g4f2eb97ec1 (webtiles) character file.

Game seed: 8113756508454063724, levelgen mode: deterministic

1228 Elellon the Thaumaturge (level 8, -5/41 HPs)
             Began as a Deep Elf Conjurer on Feb 3, 2020.
             Was a Follower of Vehumet.
             Killed by divine providence
             ... invoked by an orc priest
              (8 damage)
             ... on level 6 of the Dungeon.
             The game lasted 00:09:26 (5883 turns).

Elellon the Thaumaturge (Deep Elf Conjurer)         Turns: 5883, Time: 00:09:27

Health: -5/41      AC:  5    Str:  7    XL:     8   Next: 23%
Magic:  26/32      EV: 13    Int: 21    God:    Vehumet [*.....]
Gold:   200        SH:  0    Dex: 15    Spells: 19/26 levels left

rFire    . . .     SeeInvis .   e - +4 dagger (holy)
rCold    . . .     Gourm    .   (no shield)
rNeg     . . .     Faith    .   q - +2 robe {MR+}
rPois    +         Spirit   .   (no helmet)
rElec    .         Reflect  .   (no cloak)
rCorr    .         Harm     .   f - +0 pair of gloves
MR       +....                  (no boots)
Stlth    ++........             (no amulet)
HPRegen  0.13/turn              d - ring of magical power
MPRegen  0.23/turn              o - ring of poison resistance

@: no status effects
A: no striking features
a: Renounce Religion


You were on level 6 of the Dungeon.
You worshipped Vehumet.
Vehumet was aware of your devotion.
You were not hungry.

You visited 2 branches of the dungeon, and saw 7 of its levels.

You collected 200 gold pieces.

Inventory:

Hand Weapons
 e - a +4 dagger of holy wrath (weapon)
Armour
 a - a +1 robe
 f - a +0 pair of gloves (worn)
 q - a +2 robe of magic resistance (worn)
Jewellery
 d - a ring of magical power (left hand)
 o - a ring of poison resistance (right hand)
 y - an uncursed ring of stealth
Wands
 r - a wand of acid (10)
 w - a wand of digging (3)
Scrolls
 h - 5 scrolls of identify
 i - 4 scrolls of remove curse
 k - 2 scrolls of fear
 n - 3 scrolls of teleportation
 p - a scroll of enchant weapon {unknown}
 x - a scroll of enchant armour
 A - a scroll of amnesia {unknown}
Potions
 b - a potion of lignification {unknown}
 g - a potion of agility {unknown}
 l - a potion of berserk rage {unknown}
 m - a potion of brilliance {unknown}
 s - 2 potions of heal wounds {unknown}
 t - a potion of haste {unknown}
 u - 3 potions of curing {unknown}
 v - 2 potions of ambrosia {unknown}
 z - a potion of mutation {unknown}
Comestibles
 c - 13 rations
 j - a chunk of flesh


   Skills:
 - Level 2.4 Dodging
 - Level 2.4 Stealth
 + Level 9.6 Spellcasting
 + Level 8.9 Conjurations


You had 19 spell levels left.
You knew the following spells:

 Your Spells              Type           Power        Failure   Level  Hunger
a - Magic Dart            Conj           ####         1%          1    None
b - Searing Ray           Conj           #####.       1%          2    None
c - Iskenderun's Mystic   Conj/Tloc      ####....     11%         4    ##.....

Your spell library contained the following spells:

 Spells                   Type           Power        Failure   Level  Hunger
 Freeze                   Ice            ##..         7%          1    None
 Dazzling Flash           Conj/Hex       ####..       3%          3    None
 Fulminant Prism          Conj/Hex       ####......   11%         4    ##.....


Dungeon Overview and Level Annotations

Branches:
Dungeon (6/15)             Temple (1/1) D:5

Altars:
Ashenzari
Cheibriados
Dithmenos
Elyvilon
Fedhas
Gozag
Hepliaklqana
Kikubaaqudgha
Makhleb
Okawaru
Qazlal
Ru
Sif Muna
Trog
Uskayaw
Vehumet
Wu Jian
Xom
Yredelemnul
Zin
The Shining One

Shops:
D:5 [


Message History

The orc warrior is lightly wounded. (Press . to maintain the ray.)
The searing ray hits the orc warrior but does no damage.
The orc warrior is lightly wounded.
The orc priest calls down the wrath of Beogh upon you.
Beogh smites you!
The searing ray hits the orc warrior.
The orc warrior is moderately wounded.
The orc warrior hits you with a +0 scimitar.
The searing ray hits the orc warrior!
The orc warrior is heavily wounded.
The searing ray hits the orc priest!
The orc priest is severely wounded.
You finish channeling your searing ray.
The orc warrior hits you with a +0 scimitar!!
Ouch! That really hurt!
* * * LOW HITPOINT WARNING * * *
The orc priest invokes the aid of Beogh against you.
Beogh smites you!
You die...

#.....#####
#.....#
#.....#
#.....#
#.....#
#####÷....#
#.........#
#..)....<.#
#.)@>.....#
#..o......#
..†.....#####
....†..o..#
..........#
..........#
######.....
#......


You could see an orc warrior and an orc priest.

Vanquished Creatures
  Menkaure (D:5)
  A phantom (D:4)
  2 sky beasts
  2 ogres (D:5)
  Blork the orc (D:5)
  A scorpion (D:3)
  A crimson imp (D:5)
  A bullfrog skeleton (D:5)
  3 hounds
  An orc wizard (D:6)
  An orc priest (D:5)
  Ijyb (D:3)
  An iguana (D:4)
  4 worker ants
  A hound skeleton (D:5)
  A worker ant zombie (D:5)
  4 adders
  2 oozes
  An adder skeleton (D:4)
  6 worms
  4 dart slugs
  3 leopard geckos
  10 orcs
  7 giant cockroaches
  7 goblins
  10 hobgoblins
  11 jackals
  7 kobolds
  4 quokkas
  3 ball pythons
  9 bats
  10 frilled lizards
  A quokka skeleton (D:4)
  A quokka zombie (D:5)
  13 rats
136 creatures vanquished.

Notes
Turn   | Place    | Note
-------+----------+-------------------------------------------
     0 | D:1      | Elellon the Deep Elf Conjurer began the quest for the Orb.
     0 | D:1      | Reached XP level 1. HP: 10/10 MP: 6/6
   161 | D:1      | Reached XP level 2. HP: 15/15 MP: 2/8
   216 | D:1      | Learned a level 2 spell: Searing Ray
   864 | D:1      | Reached skill level 4 in Spellcasting
   915 | D:1      | Reached skill level 5 in Conjurations
   915 | D:1      | Reached XP level 3. HP: 19/19 MP: 7/10
  1728 | D:2      | Reached XP level 4. HP: 24/24 MP: 10/12
  1748 | D:2      | Learned a level 4 spell: Iskenderun's Mystic Blast
  1914 | D:2      | Reached skill level 5 in Spellcasting
  2549 | D:3      | Reached XP level 5. HP: 28/28 MP: 11/14
  2585 | D:3      | Found a bloodstained altar of Trog.
  2736 | D:3      | Noticed Ijyb
  2743 | D:3      | Killed Ijyb
  3072 | D:3      | Found a sacrificial altar of Ru.
  3233 | D:3      | Found a stormy altar of Qazlal.
  3367 | D:4      | Noticed a phantom
  3376 | D:3      | Reached skill level 6 in Spellcasting
  3591 | D:4      | Killed a phantom
  3591 | D:4      | Reached XP level 6. HP: 19/32 MP: 17/17
  3809 | D:4      | You fall into a shaft and drop 2 floors!
  3810 | D:6      | Noticed a sky beast
  3814 | D:6      | Killed a sky beast
  3814 | D:6      | Reached skill level 7 in Spellcasting
  3989 | D:5      | Entered Level 5 of the Dungeon
  4014 | D:5      | Found a staircase to the Ecumenical Temple.
  4027 | Temple   | Entered the Ecumenical Temple
  4102 | Temple   | Became a worshipper of Vehumet
  4140 | D:5      | Reached XP level 7. HP: 33/36 MP: 19/19
  4362 | D:5      | Reached skill level 8 in Spellcasting
  4477 | D:5      | Noticed Menkaure
  4481 | D:5      | Killed Menkaure
  4594 | D:5      | Noticed Blork the orc
  4603 | D:5      | Killed Blork the orc
  4604 | D:5      | Reached skill level 9 in Spellcasting
  4756 | D:5      | Reached XP level 8. HP: 32/41 MP: 23/23
  4821 | D:5      | Found Nurapsoc's Armour Shop.
  5101 | D:4      | Reached * piety under Vehumet
  5101 | D:4      | Offered knowledge of Freeze by Vehumet.
  5883 | D:6      | Killed from afar by an orc priest

Levels and vault maps discovered:
D:1:      saegor_arrival_simple_e, layout_basic, minmay_misc_feat_encased,
          minmay_misc_feat_columns
D:2:      layout_rooms, serial_corexii_hall, chequers_hall_statues_y,
          corexii_hall_statues_x
D:3:      layout_basic, lemuel_round_altar, overflow_temple_1_default,
          lemuel_coloured_pillars_altar, uniq_ijyb
D:4:      layout_basic
D:5:      layout_loops_ring, minmay_temple_entry_mini_moons, serial_shops,
          nicolae_shop_statue_plus, first_ration, uniq_menkaure,
          uniq_blork_the_orc
D:6:      layout_gridville, kennysheep_little_box, minmay_misc_feat_iff,
          uniq_maggie, uniq_prince_ribbit1, uniq_pikel
Temple:   compressed_dpeg_circular_temple

Skill      XL: |  1  2  3  4  5  6  7 |
---------------+----------------------+-----
Spellcasting   | 4 5 6 7 9 |  9.6
Conjurations   | 5 6 7 8 |  8.9
Dodging        | |  2.4
Stealth        | |  2.4

Action                   |  1- 3 |  4- 6 |  7- 9 || total
-------------------------+-------+-------+-------++-------
 Cast: Magic Dart        |    69 |   111 |    50 ||   230
       Searing Ray       |       |    12 |    25 ||    37
  Use: Scroll            |       |    11 |       ||    11
  Eat: Chunk             |     2 |     7 |     6 ||    15
Armor: Robe              |     2 |     4 |     4 ||    10
Dodge: Dodged            |     4 |    14 |     6 ||    24

Table legend:
 A = Non-vault XP
 B = Vault XP
 C = Vault XP percentage of total XP
 D = Non-vault monster count
 E = Vault monster count
 F = Vault count percentage of total count
                 A         B        C        D         E       F
            +---------+---------+-------+---------+---------+-------
      Total |    1460 |     295 |  16.8 |     133 |       3 |   2.2
            +---------+---------+-------+---------+---------+-------
        D:1 |      44 |       0 |   0.0 |      26 |       0 |   0.0
        D:2 |     133 |       0 |   0.0 |      33 |       0 |   0.0
        D:3 |     134 |      36 |  21.2 |      28 |       1 |   3.4
        D:4 |     231 |       0 |   0.0 |      18 |       0 |   0.0
        D:5 |     670 |     259 |  27.9 |      19 |       2 |   9.5
        D:6 |     205 |       0 |   0.0 |       8 |       0 |   0.0
     Temple |      43 |       0 |   0.0 |       1 |       0 |   0.0
            +---------+---------+-------+---------+---------+-------
